 Dungeon Crawl Stone Soup version 0.18.1-5-g4a78601 (webtiles) character file.

1914 oplop the Changer (level 9, -4/55 HPs)
             Began as an Octopode Transmuter on May 9, 2016.
             Slain by a yak (18 damage)
             ... on level 7 of the Dungeon.
             The game lasted 00:13:51 (7367 turns).

oplop the Changer (Octopode Transmuter)             Turns: 7367, Time: 00:13:53

Health: -4/55      AC:  2    Str: 10    XL:     9   Next: 16%
Magic:  15/16      EV: 22    Int: 17    God:
Gold:   470        SH:  0    Dex: 18    Spells: 4 memorised, 7 levels left

rFire  . . .     SeeInvis .       - Unarmed
rCold  . . .     Gourm    .     (shield currently unavailable)
rNeg   . . .     Faith    .     (helmet currently unavailable)
rPois  x         Spirit   .     (no amulet)
rElec  .         Dismiss  .     (no ring)
rCorr  .         Reflect  .     (no ring)
SustAt .         Harm     .     (no ring)
MR     .....                    (no ring)
Stlth  ++........               (no ring)
                                (no ring)
                                (no ring)
                                (no ring)

@: spider-form (expiring), not resistant to hostile enchantments, unstealthy
A: almost no armour, (amphibious), 8 rings, (constrict 8), (camouflage 0),
(gelatinous body 0)
a: End Transformation


You were on level 7 of the Dungeon.
You were hungry.
You were a venomous arachnid creature.
You visited 2 branches of the dungeon, and saw 8 of its levels.

You collected 470 gold pieces.

Inventory:

Hand Weapons
 r - a +1 blowgun
Missiles
 a - 71 arrows
 q - 9 poisoned needles
Scrolls
 d - 10 scrolls of identify
 f - 6 scrolls of remove curse
 l - 3 scrolls of magic mapping
 n - a scroll of enchant armour
 t - 2 scrolls of recharging
 A - a scroll of blinking {unknown}
Potions
 e - a potion of lignification
 h - 4 potions of mutation {unknown}
 i - a potion of ambrosia {unknown}
 k - 4 potions of curing
 m - a potion of resistance
 o - a potion of invisibility {unknown}
 s - 2 potions of cure mutation {unknown}
 w - a potion of haste {unknown}
Books
 b - a book of Changes

   Spells                             Type                      Level
   a - Beastly Appendage              Transmutation                1
   b - Sticks to Snakes               Transmutation                2
   c - Spider Form                    Transmutation/Poison         3
   d - Ice Form                       Ice/Transmutation            4
   e - Blade Hands                    Transmutation                5
 j - a book of Summonings

   Spells                             Type                      Level
   a - Recall                         Summoning/Translocation      3
   b - Aura of Abjuration             Summoning                    5
   c - Summon Demon                   Summoning                    5
   d - Summon Forest                  Summoning/Translocation      5
   e - Summon Mana Viper              Hexes/Summoning              5
   f - Shadow Creatures               Summoning                    6
 v - a book of Frost

   Spells                             Type                      Level
   a - Freeze                         Ice                          1
   b - Throw Frost                    Conjuration/Ice              2
   c - Ozocubu's Armour               Charms/Ice                   3
   d - Throw Icicle                   Conjuration/Ice              4
   e - Summon Ice Beast               Ice/Summoning                4
Comestibles
 c - 4 bread rations
 u - a slice of pizza
 x - a meat ration


   Skills:
 - Level 2.4 Fighting
 + Level 4.2 Dodging
 + Level 5.4 Unarmed Combat
 + Level 4.9 Spellcasting
 * Level 6.4 Transmutations
 * Level 5.2 Ice Magic


You had 7 spell levels left.
You knew the following spells:

 Your Spells              Type           Power        Failure   Level  Hunger
a - Beastly Appendage     Trmt           ####..       4%          1    None
b - Sticks to Snakes      Trmt           ####....     6%          2    #......
c - Spider Form           Trmt/Pois      ###.......   32%         3    ###....
d - Ice Form              Ice/Trmt       ###.....     32%         4    ####...


Dungeon Overview and Level Annotations

Branches:
Dungeon (7/15)             Temple (1/1) D:7

Altars:
Ashenzari
Cheibriados
Fedhas
Gozag
Kikubaaqudgha
Makhleb
Nemelex Xobeh
Okawaru
Pakellas
Qazlal
Ru
Sif Muna
Trog
Vehumet
Xom
Yredelemnul
Zin
The Shining One
Lugonu

Shops:
D:4 *

Annotations:
D:2 Crazy Yiuf
D:6 sirbaton's ghost, novice TrBe


Innate Abilities, Weirdness & Mutations

You cannot wear most types of armour.
((You are amphibious.))
You can wear up to eight rings at the same time.
((You can use your tentacles to constrict eight enemies at once.))
((Your skin changes colour to match your surroundings (Stealth).))
((Your rubbery body absorbs attacks (AC +1).))


Message History

Identify which item? (\ to view known items) (? for menu, Esc to quit)
e - a potion of lignification The orc barely misses you.
The orc wizard casts a spell.
The orc wizard blinks!
The yak gores you. The orc priest closely misses you.
Read which item? (? for menu, Esc to quit)
As you read the scroll labeled WEKUOFR FYWU, it crumbles to dust.
The scroll dissolves into smoke.
It was a scroll of fog.
The orc barely misses you. The yak misses you. The orc priest misses you.
Read which item? (? for menu, Esc to quit)
As you read the scroll labeled NAETANT SABBU, it crumbles to dust.
It is a scroll of enchant weapon.
Enchant which weapon? (? for menu, Esc to quit)
Your uncursed blowgun glows red for a moment.
The orc hits you with a mace.
* * * LOW HITPOINT WARNING * * *
The orc barely misses you.
The orc wizard gestures wildly while chanting.
The orc wizard blinks!
The yak gores you!!
You die...

.....................##......#...
......................'........†.
.......###.##..###.#..#..........
.......'.#.#.....#.##.#..........
.......#.#.#.......##.###.#.....(
.......#.#.#..##.####..##.###)...
.###.###...#..##§#####.##.###....
†# #.......#.o§ooo........##.....
.#########.##.##s#####.#..##.....
...........##.##Y# #.#..##.....
####...........#Y# #.#..##.....
##+######....#Y# #....##.....
#............#p########.##.####
#...............#%%#..#.##.# *
#...)...........#%.#..#..#.####
#...)...........#..'..#.##.....
####'######.......#..#..#..'.....


You could see 2 yaks, an orc priest and 2 orcs.

Vanquished Creatures
  A hungry ghost (D:7)
  Menkaure (D:6)
  Edmund (D:6)
  An ogre (D:6)
  A centaur (D:5)
  5 giant frogs
  A water moccasin zombie (D:7)
  3 wights (D:6)
  2 crimson imps
  A hound (D:7)
  A gnoll shaman (D:5)
  A centaur skeleton (D:6)
  A giant frog skeleton (D:7)
  Terence (D:3)
  7 orc wizards
  Ijyb (D:3)
  An iguana (D:6)
  2 worker ants
  Natasha (twice) (D:3)
  A sheep (D:7)
  A hound zombie (D:7)
  A hound skeleton (D:4)
  A worker ant zombie (D:6)
  7 gnolls
  9 adders
  3 shadow imps
  An ooze (D:1)
  An adder skeleton (D:4)
  2 worms
  2 dart slugs (D:1)
  3 giant geckos
  15 orcs
  5 giant cockroaches
  10 hobgoblins
  8 jackals
  7 quokkas
  A ball python (D:6)
  6 bats
  6 giant newts
  16 goblins
  7 kobolds
  9 rats
156 creatures vanquished.

Vanquished Creatures (collateral kills)
  A wight (D:6)
  A jelly (D:5)
  An orc wizard (D:6)
  An orc (D:7)
4 creatures vanquished.

Grand Total: 160 creatures vanquished

Notes
Turn   | Place    | Note
--------------------------------------------------------------
     0 | D:1      | oplop the Octopode Transmuter began the quest for the Orb.
     0 | D:1      | Reached XP level 1. HP: 13/13 MP: 3/3
   438 | D:1      | Reached XP level 2. HP: 4/18 MP: 3/5
   848 | D:1      | Reached XP level 3. HP: 23/23 MP: 6/6
  1046 | D:2      | Found a sparkling altar of Nemelex Xobeh.
  1091 | D:2      | Learned a level 2 spell: Sticks to Snakes
  1095 | D:2      | Learned a level 3 spell: Spider Form
  1229 | D:2      | HP: 1/23 [poisoned by an adder]
  1404 | D:2      | Reached XP level 4. HP: 17/28 MP: 5/7
  1578 | D:2      | Found a radiant altar of Vehumet.
  1671 | D:2      | Noticed Crazy Yiuf
  1938 | D:3      | Noticed Terence
  1952 | D:3      | Killed Terence
  1952 | D:3      | Reached skill level 3 in Transmutations
  2220 | D:3      | Noticed Ijyb
  2241 | D:3      | Killed Ijyb
  2241 | D:3      | Reached XP level 5. HP: 23/34 MP: 1/9
  2325 | D:3      | Found an oddly glowing altar of Pakellas.
  2390 | D:3      | Noticed Natasha
  2396 | D:3      | Killed Natasha
  2462 | D:3      | Learned a level 4 spell: Ice Form
  2476 | D:3      | Found a blossoming altar of Fedhas.
  2577 | D:3      | Found a basalt altar of Yredelemnul.
  2577 | D:3      | Found an iron altar of Okawaru.
  2669 | D:3      | Noticed Natasha
  2677 | D:3      | Killed Natasha
  2763 | D:3      | Reached skill level 1 in Ice Magic
  2763 | D:3      | Reached XP level 6. HP: 40/41 MP: 10/10
  2900 | D:3      | Reached skill level 4 in Transmutations
  3589 | D:4      | Found a glowing silver altar of Zin.
  3716 | D:4      | Found a deep blue altar of Sif Muna.
  3910 | D:4      | Found Zytif's General Store.
  4048 | D:5      | Entered Level 5 of the Dungeon
  4081 | D:5      | Found a bloodstained altar of Trog.
  4278 | D:5      | Reached XP level 7. HP: 34/45 MP: 8/12
  5125 | D:6      | Reached skill level 5 in Transmutations
  5301 | D:6      | Found a sacrificial altar of Ru.
  5305 | D:6      | Reached XP level 8. HP: 41/51 MP: 10/14
  5399 | D:6      | Noticed Edmund
  5411 | D:6      | Killed Edmund
  5432 | D:6      | Found a shimmering altar of Xom.
  5503 | D:6      | Noticed Menkaure
  5517 | D:6      | Killed Menkaure
  5871 | D:6      | Reached skill level 5 in Unarmed Combat
  6300 | D:6      | Noticed sirbaton's ghost (novice TrBe)
  6813 | D:7      | Reached skill level 6 in Transmutations
  6974 | D:7      | Found a staircase to the Ecumenical Temple.
  6986 | D:7      | Reached XP level 9. HP: 50/55 MP: 8/16
  6987 | D:7      | Reached skill level 5 in Ice Magic
  7017 | Temple   | Entered the Ecumenical Temple
  7367 | D:7      | Slain by a yak

Skill      XL: |  1  2  3  4  5  6  7  8  9 |
---------------+----------------------------+-----
Transmutations | 3 4 5 6 |  6.4
Spellcasting   | 3 4 |  4.9
Fighting       | 2 |  2.4
Ice Magic      | 1 2 3 4 5 |  5.2
Unarmed Combat | 4 5 |  5.4
Dodging        | 3 4 |  4.2

Action                   |  1- 3 |  4- 6 |  7- 9 || total
-------------------------+-------+-------+-------++-------
Melee: Unarmed           |    73 |   159 |   242 ||   474
       Constrict         |    17 |    19 |    15 ||    51
       Tentacles         |     8 |    19 |    21 ||    48
       Kick              |    12 |     4 |    14 ||    30
       Punch             |     1 |     2 |     4 ||     7
 Cast: Beastly Appendage |    14 |     4 |     6 ||    24
       Spider Form       |       |    20 |    19 ||    39
       Sticks to Snakes  |       |       |    27 ||    27
       Ice Form          |       |       |     3 ||     3
  Use: Potion            |     1 |     2 |     2 ||     5
       Scroll            |       |       |     7 ||     7
 Stab: Sleeping          |     3 |     5 |     3 ||    11
       Distracted        |     1 |     1 |     2 ||     4
       Paralysed         |       |       |     1 ||     1
  Eat: Chunk             |     2 |     9 |     6 ||    17
       Meat ration       |       |     1 |     1 ||     2
       Pizza             |       |     1 |       ||     1
Armor: Skin              |    11 |    13 |    16 ||    40
Dodge: Dodged            |    36 |   118 |   191 ||   345
